 Dungeon Crawl Stone Soup version 0.28-a0-691-gad6df49e81 (webtiles) character file.

Game seed: 7855103196062610238

2 willcat the Skirmisher (level 1, -5/24 HPs)
             Began as an Ogre Delver on Oct 22, 2021.
             Slain by a river rat (7 damage)
             ... in a sewer.
             The game lasted 00:00:26 (365 turns).

willcat the Skirmisher (Ogre Delver)                 Turns: 365, Time: 00:00:27

Health: -5/24      AC:  3    Str: 15    XL:     1   Next: 40%
Magic:  1/1        EV: 10    Int: 11    God:
Gold:   0          SH:  0    Dex: 10    Spells: 0/0 levels left

rFire   . . .      SeeInvis .   a - +0 spear
rCold   . . .      Faith    .   (no shield)
rNeg    . . .      Spirit   .   b - +0 robe
rPois   .          Reflect  .   (helmet restricted)
rElec   .          Harm     .   (no cloak)
rCorr   .          Rampage  .   (gloves unavailable)
Will    .....                   (boots unavailable)
Stlth   ++........              (no amulet)
HPRegen 0.08/turn               (no ring)
MPRegen 0.07/turn               (no ring)

@: no status effects
A: large, unfitting armour, tough skin 1
a: no special abilities


You were in a sewer.
You visited 1 branch of the dungeon, and saw 1 of its levels.
You also visited: Sewer.

Inventory:

Hand Weapons
 a - a +0 spear (weapon)
Armour
 b - a +0 robe (worn)
Wands
 g - a wand of digging (3)
Scrolls
 c - a scroll of fog
 d - a scroll of magic mapping
Potions
 f - a potion of haste


   Skills:
 + Level 4.1 Fighting
 + Level 2.0 Polearms
 + Level 1.8 Dodging
 - Level 3.7 Stealth


You couldn't memorise any spells.
You didn't know any spells.
Your spell library was empty.

Dungeon Overview and Level Annotations

Branches:
Dungeon (5/15)              Sewer (1/1)
 Temple: D:4-7

Altars:


Innate Abilities, Weirdness & Mutations

You are too large for most types of armour.
You have tough skin. (AC +1)


Message History

The river rat is heavily wounded.
You hit the river rat.
The river rat is severely wounded.
The river rat bites you.
You closely miss the river rat.
The river rat is severely wounded.
The river rat barely misses you.
You hit the river rat but do no damage.
The river rat is severely wounded.
The river rat bites you.
You hit the river rat but do no damage.
The river rat is severely wounded.
The river rat bites you but does no damage.
You completely miss the river rat.
The river rat is severely wounded.
The river rat bites you!
You hit the river rat but do no damage.
The river rat is severely wounded.
The river rat bites you but does no damage.
You closely miss the river rat.
The river rat is severely wounded.
The river rat barely misses you.
Unknown command.
You closely miss the river rat.
The river rat is severely wounded.
The river rat bites you but does no damage.
Unknown command.
You closely miss the river rat.
The river rat is severely wounded.
The river rat bites you!
* * * LOW HITPOINT WARNING * * *
Unknown command.
You hit the river rat but do no damage.
The river rat is severely wounded.
The river rat bites you but does no damage.
Unknown command.
You completely miss the river rat.
The river rat is severely wounded.
The river rat bites you!
You die...

###
#.#
#÷#
#@#
#r#
#∩#
#.#
#∩#
#.#
#.#
#.#
#r#


You could see a river rat.

Vanquished Creatures
  4 rats (Sewer)
4 creatures vanquished.

Notes
Turn   | Place    | Note
-------+----------+-------------------------------------------
     0 | D:5      | willcat the Ogre Delver began the quest for the Orb.
     0 | D:5      | Reached XP level 1. HP: 24/24 MP: 1/1
    25 | D:5      | Found a glowing drain.
    41 | Sewer    | Entered a sewer
   365 | Sewer    | Slain by a river rat

Illustrated notes

Levels and vault maps discovered:
D:5:      layout_basic, cheibrodos_sewer_entry_sluice, nicolae_sextant
Sewer:    sewer_kobolds

Action                   || total
-------------------------++-------
Melee: Spear             ||    28
  Use: Scroll            ||     1
Armor: Robe              ||     8
Dodge: Dodged            ||     9

Table legend: (Time is in decaauts)
 A = Elapsed time spent in this place.
 B = Non-inter-level travel time spent in this place.
 C = Inter-level travel time spent in this place.
 D = Time resting spent in this place.
 E = Time spent auto-exploring this place.
 F = Levels seen in this place.
 G = Mean time per level.
                   A        B        C        D        E       F      G
               +--------+--------+--------+--------+--------+-----+--------+
         Total |    364 |    364 |      0 |    265 |     27 |   2 |  182.0 |
       Dungeon |     41 |     41 |      0 |      0 |     27 |   1 |   41.0 |
         Sewer |    323 |    323 |      0 |    265 |      0 |   1 |  323.0 |
               +--------+--------+--------+--------+--------+-----+--------+

Top non-repeatable levels by time:
   Sewer: 323 daAuts
     D:5: 41 daAuts
